 Dungeon Crawl Stone Soup version 0.27-a0-1202-ge72e49191c (webtiles) character file.

Game seed: 4538382537564376096

6657 robertstho the Ripper (level 10, 0/70 HPs)
             Began as a Felid Berserker on June 2, 2021.
             Was an Elder of Trog.
             Succumbed to a red devil's poison
             ... on level 10 of the Dungeon.
             The game lasted 00:15:52 (12743 turns).

robertstho the Ripper (Felid Berserker)            Turns: 12743, Time: 00:15:53

Health: 0/70       AC:  2    Str: 15    XL:     10   Next: 73%
Magic:  3/20       EV: 23    Int:  8    God:    Trog [****..]
Gold:   502        SH:  0    Dex: 18    Spells: 9/9 levels left
                                        Lives:  0   Deaths: 2

rFire    . . .     SeeInvis +     - Unarmed
rCold    . . .     Faith    .   (shield unavailable)
rNeg     . . .     Spirit   +   (armour unavailable)
rPois    .         Reflect  .   (helmet unavailable)
rElec    .         Harm     .   (cloak unavailable)
rCorr    +         Rampage  .   (gloves unavailable)
Will     +....                  (boots unavailable)
Stlth    ..........             l - amulet of guardian spirit
HPRegen  0.21/turn              i - ring of magical power
MPRegen  0.17/turn              o - ring of resist corrosion

@: berserking, lethally poisoned (0 -> -24), studying Stealth, very quick
A: very small, claws 1, fangs 3, see invisible, speed 1, shaggy fur 2, stealthy
paws, no weapons or thrown items, no armour, multi-lived
a: Renounce Religion, Berserk, Trog's Hand, Brothers in Arms


You were on level 10 of the Dungeon.
You worshipped Trog.
Trog was greatly pleased with you.
You visited 1 branch of the dungeon, and saw 10 of its levels.
You also visited: Sewer and Ossuary.

You collected 691 gold pieces.
You spent 189 gold pieces at shops.

Inventory:

Jewellery
 i - a ring of magical power (left paw)
 l - an amulet of guardian spirit (around neck)
 o - a ring of resist corrosion (right paw)
 p - an amulet of the acrobat
 B - an amulet of magic regeneration
Wands
 v - a wand of iceblast (15)
Scrolls
 d - 2 scrolls of magic mapping
 f - 9 scrolls of teleportation
 g - 2 scrolls of fear {unknown}
 h - a scroll of silence
 n - 3 scrolls of enchant weapon {unknown}
 q - 2 scrolls of summoning {unknown}
 r - 5 scrolls of noise {unknown}
 x - a scroll of immolation
 y - a scroll of identify
 A - a scroll of vulnerability {unknown}
 D - a scroll of blinking {unknown}
Potions
 a - 2 potions of flight
 b - a potion of mutation {unknown}
 c - 3 potions of brilliance {unknown}
 e - 3 potions of might {unknown}
 j - 2 potions of attraction {unknown}
 k - 2 potions of lignification {unknown}
 m - 2 potions of degeneration {unknown}
 s - 5 potions of heal wounds {unknown}
 t - a potion of cancellation {unknown}
 u - 2 potions of haste
 w - 2 potions of invisibility
 z - 3 potions of curing {unknown}
 C - 2 potions of ambrosia


   Skills:
 * Level 7.5 Fighting
 + Level 9.0 Dodging
 * Level 11.2 Stealth
 * Level 15.0 Unarmed Combat


You had 9 spell levels left.
You didn't know any spells.
Your spell library was empty.

Dungeon Overview and Level Annotations

Branches:
Dungeon (10/15)            Temple (0/1) D:5            Lair (0/6) D:10
  Sewer (visited)         Ossuary (visited)
    Orc: D:9-12

Altars:
Ashenzari
Dithmenos
Fedhas
Hepliaklqana
Ru
Sif Muna
Trog
Vehumet
Yredelemnul
Zin

Shops:
D:7 *

Annotations:
D:8 2 transporters, MikuNakano's ghost, novice VSBe


Innate Abilities, Weirdness & Mutations

You have sharp claws.
You have razor-sharp teeth.
You have supernaturally acute eyesight. (SInv)
You cover ground quickly. (Speed+)
You are covered in thick fur. (AC +2)
Your paws help you pounce on unaware monsters.
You are incapable of wielding weapons or throwing items.
You cannot wear armour.
You gain extra lives every three experience levels.


Message History

You feel very sick. The quasit barely misses you.
The quasit claws you but does no damage.
The quasit barely misses you.
The kobold demonologist casts a spell.
The kobold closely misses you. The red devil barely misses you.
The soul eater barely misses you.
You closely miss the kobold demonologist.
The kobold demonologist is heavily wounded.
You feel very sick. The crimson imp completely misses you.
The quasit completely misses you. x2
The quasit misses you. The kobold closely misses you.
Unknown command.
You mangle the kobold demonologist!!
You kill the kobold demonologist!
Trog accepts your kill.
Trog appreciates your killing of a magic user.
The soul eater disappears in a puff of smoke!
The neqoxec disappears in a puff of smoke!
* * * LOW HITPOINT WARNING * * *
You feel sick. The kobold closely misses you.
The red devil hits you from afar with a +2 demon trident of venom.
* * * LOW HITPOINT WARNING * * *
You are lethally poisoned!
Your Dodging skill increases to level 9!
* * * LOW HITPOINT WARNING * * *
You feel very sick. The kobold demonologist misses you.
The kobold completely misses you.
You claw the kobold demonologist!
The kobold demonologist is moderately wounded.
* * * LOW HITPOINT WARNING * * *
You feel very sick. The kobold completely misses you.
The quasit barely misses you. The quasit closely misses you.
The quasit barely misses you.
The red devil hops backward while attacking.
The red devil hits you from afar with a +2 demon trident of venom!
* * * LOW HITPOINT WARNING * * *
You barely miss the kobold demonologist.
The kobold demonologist is moderately wounded.
You die...

########################
........................
......3K................
.....5KK5)..............
.....4§@KK..............
......§§5.§.............
.........§§.....).......
.........!..............
........................
....................####
##################..#
#..# #..#


You could see a kobold demonologist, a smoke demon (summoned), a red devil
(summoned), a quasit (summoned), 2 crimson imps and 4 kobolds.

Vanquished Creatures
  2 two-headed ogres
  Urug (D:10)
  2 ugly things
  A cyclops (D:8)
  An unseen horror (D:10)
  2 kobold demonologists (D:10)
  A komodo dragon (D:10)
  3 trolls
  4 polar bears (D:9)
  A vampire (D:10)
  A wraith (D:10)
  9 yaks
  2 shadows (D:10)
  4 vampire mosquitoes
  2 wyverns (D:10)
  An acid dragon (D:7)
  2 water moccasins
  6 orc warriors
  4 ice beasts
  A black bear (D:7)
  A hornet zombie (D:6)
  A necrophage (D:7)
  A wolf (D:9)
  7 centaurs
  A phantom (D:4)
  2 kobold brigands
  4 bullfrogs
  A water moccasin zombie (Ossuary)
  6 scorpions (D:6)
  A water moccasin skeleton (D:6)
  2 wights (D:9)
  A howler monkey (D:10)
  9 centaur zombies
  10 bullfrog zombies
  6 orc priests
  A centaur skeleton (D:6)
  2 gnoll shamans
  2 hounds
  A jelly (D:5)
  3 bullfrog skeletons
  Jessica (D:3)
  An iguana (D:5)
  9 orc wizards
  2 killer bee zombies (Ossuary)
  A centaur simulacrum (D:9)
  A hound zombie (D:5)
  A hound skeleton (D:3)
  7 howler monkey zombies
  7 mummies (Ossuary)
  9 gnolls
  A river rat (D:5)
  6 adders
  4 white imps
  An ufetubus (D:9)
  An adder skeleton (D:4)
  4 worms
  3 dart slugs (D:2)
  30 orcs
  11 bats
  6 endoplasms
  8 giant cockroaches
  5 goblins
  3 hobgoblins
  19 jackals
  11 kobolds
  7 quokkas
  8 ball pythons
  3 frilled lizards
  3 rats
  A butterfly (D:6)
286 creatures vanquished.

Vanquished Creatures (collateral kills)
  A two-headed ogre (D:10)
  A troll (D:8)
  5 yaks
  A centaur (D:8)
  2 scorpions (D:6)
  2 wights (D:9)
  A giant cockroach (D:6)
  2 butterflies (D:6)
15 creatures vanquished.

Vanquished Creatures (others)
  13 plants (D:10)
13 creatures vanquished.

Grand Total: 314 creatures vanquished

Notes
Turn   | Place    | Note
-------+----------+-------------------------------------------
     0 | D:1      | robertstho the Felid Berserker began the quest for the Orb.
     0 | D:1      | Reached XP level 1. HP: 10/10 MP: 2/2
   299 | D:1      | Reached XP level 2. HP: 10/14 MP: 3/3
  1237 | D:2      | Found a faded altar of an unknown god.
  1241 | D:2      | Reached skill level 1 in Stealth
  1241 | D:2      | Reached XP level 3. HP: 17/17 MP: 4/4
  1444 | D:2      | Found a radiant altar of Vehumet.
  1446 | D:2      | Reached ** piety under Trog
  1807 | D:2      | Reached skill level 4 in Unarmed Combat
  1811 | D:2      | Reached XP level 4. HP: 14/21 MP: 5/5
  2470 | D:3      | Found a shimmering blue altar of Sif Muna.
  2474 | D:3      | Found a blossoming altar of Fedhas.
  2478 | D:3      | Found a hazy altar of Hepliaklqana.
  2510 | D:3      | Found a bloodstained altar of Trog.
  2890 | D:3      | Noticed Jessica
  2902 | D:3      | Killed Jessica
  3087 | D:3      | Reached XP level 5. HP: 20/25 MP: 6/6
  3436 | D:4      | Noticed a phantom
  3462 | D:4      | Killed a phantom
  3463 | D:4      | Reached skill level 5 in Unarmed Combat
  3468 | D:4      | Reached *** piety under Trog
  3799 | D:4      | Gained mutation: You are covered in thick fur. (AC +2)
                  | [Felid growth]
  3799 | D:4      | Reached XP level 6. HP: 28/28 MP: 7/7
  3878 | D:4      | Found a sacrificial altar of Ru.
  4006 | D:4      | Found a shadowy altar of Dithmenos.
  4120 | D:5      | Entered Level 5 of the Dungeon
  4143 | D:5      | Found a sand-covered staircase.
  4148 | Ossuary  | Entered an ossuary
  4171 | Ossuary  | Reached skill level 5 in Dodging
  4175 | Ossuary  | Reached skill level 6 in Unarmed Combat
  4202 | Ossuary  | Reached XP level 7. HP: 32/32 MP: 8/8
  4282 | Ossuary  | Reached skill level 7 in Unarmed Combat
  4694 | Ossuary  | Reached XP level 8. HP: 36/36 MP: 9/9
  4753 | D:5      | Found a glowing drain.
  4759 | D:5      | Reached skill level 8 in Unarmed Combat
  4767 | Sewer    | Entered a sewer
  4894 | D:5      | Reached **** piety under Trog
  5042 | D:5      | Reached skill level 5 in Stealth
  5471 | D:5      | Reached skill level 9 in Unarmed Combat
  5665 | D:5      | Reached skill level 5 in Fighting
  5868 | D:5      | Found a staircase to the Ecumenical Temple.
  6388 | D:6      | Reached XP level 9. HP: 14/40 MP: 5/10
  6640 | D:6      | Reached skill level 10 in Unarmed Combat
  6798 | D:6      | Identified the +6 war axe of the Lusting Firefly {freeze,
                  | Str+2}
  7171 | D:6      | Found a runed translucent door.
  7173 | D:6      | Found a runed translucent door.
  7952 | D:7      | Reached skill level 11 in Unarmed Combat
  8111 | D:7      | Found Iaklyras's Incredible Inventory.
  8121 | D:7      | Bought a potion of invisibility for 112 gold pieces
  8121 | D:7      | Bought a scroll of immolation for 49 gold pieces
  8121 | D:7      | Bought a scroll of identify for 28 gold pieces
  8161 | D:7      | Found a basalt altar of Yredelemnul.
  8520 | D:7      | You fall into a shaft and drop 3 floors!
  8520 | D:10     | Entered Level 10 of the Dungeon
  8526 | D:10     | Noticed a brown ugly thing
  8539 | D:10     | Killed a brown ugly thing
  8540 | D:10     | Reached XP level 10. HP: 42/45 MP: 10/11
  8759 | D:9      | Reached skill level 12 in Unarmed Combat
  9193 | D:9      | Found a broken altar of Ashenzari.
  9588 | D:9      | Noticed a green ugly thing
  9592 | D:9      | Found a glowing silver altar of Zin.
  9605 | D:9      | Killed a green ugly thing
  9606 | D:9      | Reached skill level 13 in Unarmed Combat
 10362 | D:8      | Reached XP level 11. HP: 12/49 MP: 3/12
 10988 | D:7      | Identified a scroll of acquirement
 10991 | D:7      | Acquired a manual of Stealth
 11167 | D:8      | Found a transporter.
 11174 | D:8      | Found a transporter.
 11174 | D:8      | Noticed a two-headed ogre
 11182 | D:8      | Slain by a two-headed ogre
 11183 | D:8      | Reached XP level 10. HP: -1/69 MP: 0/20
 11332 | D:8      | Noticed MikuNakano's ghost (novice VSBe)
 11344 | D:8      | Found a bloodstained altar of Trog.
 11375 | D:8      | Noticed a moth of wrath
 11427 | D:8      | Killed a two-headed ogre
 11492 | D:8      | Noticed a cyclops
 11504 | D:8      | Killed a cyclops
 11961 | D:10     | Found a staircase to the Lair.
 11967 | D:10     | Reached skill level 10 in Stealth
 11978 | D:10     | Reached skill level 14 in Unarmed Combat
 12214 | D:10     | Noticed Urug
 12221 | D:10     | Killed Urug
 12363 | D:10     | Noticed a two-headed ogre
 12381 | D:10     | Killed a two-headed ogre
 12386 | D:10     | Slain by an unseen horror
 12387 | D:10     | Reached XP level 9. HP: -2/64 MP: 0/19
 12419 | D:10     | Killed an unseen horror
 12420 | D:10     | Reached XP level 10. HP: 47/47 MP: 11/11
 12504 | D:10     | Noticed a two-headed ogre
 12513 | D:10     | Killed a two-headed ogre
 12618 | D:10     | Noticed a skeletal warrior
 12725 | D:10     | Noticed a soul eater
 12738 | D:10     | Reached skill level 15 in Unarmed Combat
 12738 | D:10     | Noticed a smoke demon
 12742 | D:10     | HP: 3/70 [red devil/+2 demon trident of venom[a kobold
                  | demonologist] (10)]
 12743 | D:10     | Succumbed to a red devil's poison

Illustrated notes

Levels and vault maps discovered:
D:1:      lemuel_arrival_rhombus, layout_basic, minivault_24, minivault_24,
          minmay_fountain_box
D:2:      minmay_angry_zag, layout_rooms, basic_altar,
          hellmonk_ecumenical_altar_arch_garden
D:3:      layout_basic, grunt_temple_overflow_diamond, lemuel_tele_altar,
          grunt_decor_cap, kennysheep_generic_room_6, uniq_jessica
D:4:      layout_basic, nicolae_dithmenos_through_a_glass_darkly,
          nicolae_ru_awakened_eye, grunt_ministairs_2
D:5:      layout_layer_cave, minmay_temple_entry_wispy,
          cheibrodos_sewer_entry_sluice, enter_ossuary_2,
          hangedman_abyss_or_decor_stabs
D:6:      lemuel_insect_pit, layout_loops_cross
D:7:      layout_gridville, kennysheep_mini, nicolae_alphabet_shops,
          chequers_serial_rivers_small_3, minmay_strange_pillars,
          solitary_fountain, columned_hall_lemuel, corexii_leaking_fountain,
          kennysheep_opposing_triangles
D:8:      layout_basic, gammafunk_ghost_wrathful_warriors, minmay_quadrilaterals
D:9:      layout_long_grid, nicolae_overflow_crystal_walls,
          overflow_temple_1_default, serial_ice, serial_ice_e, serial_ice_o,
          serial_ice_a, serial_ice_d, serial_ice_n
D:10:     minmay_polygon_palace, layout_long_grid, david_lair_shrubbed,
          uniq_urug

Skill      XL: |  1  2  3  4  5  6  7  8  9 10 |
---------------+-------------------------------+-----
Stealth        | 1 2 3 4 5 8 11 | 11.2
Unarmed Combat | 4 5 6 7 9 11 15 | 15.0
Fighting       | 4 5 6 7 |  7.5
Dodging        | 5 6 9 |  9.0

Action                   |  1- 3 |  4- 6 |  7- 9 | 10-12 || total
-------------------------+-------+-------+-------+-------++-------
Melee: Unarmed           |   103 |   164 |   412 |   306 ||   985
       Bite              |     8 |    22 |    47 |    38 ||   115
       Punch             |     2 |     2 |    20 |    29 ||    53
Invok: Berserk           |     5 |     6 |     8 |    14 ||    33
       Trog's Hand       |     1 |     1 |     2 |     3 ||     7
       Brothers in Arms  |       |       |     1 |     3 ||     4
  Use: Scroll            |       |     5 |     4 |     4 ||    13
 Stab: Sleeping          |       |     5 |    13 |     4 ||    22
       Distracted        |       |       |     2 |       ||     2
Armor: Skin              |     9 |     8 |    32 |    12 ||    61
Dodge: Dodged            |    75 |   132 |   314 |   369 ||   890

Table legend: (Time is in decaauts)
 A = Elapsed time spent in this place.
 B = Non-inter-level travel time spent in this place.
 C = Inter-level travel time spent in this place.
 D = Time resting spent in this place.
 E = Time spent auto-exploring this place.
 F = Levels seen in this place.
 G = Mean time per level.
                   A        B        C        D        E       F      G
               +--------+--------+--------+--------+--------+-----+--------+
         Total |  11546 |  11313 |    233 |   1456 |   7925 |  12 |  962.2 |
       Dungeon |  10903 |  10670 |    233 |   1456 |   7623 |  10 | 1090.3 |
         Sewer |     85 |     85 |      0 |      0 |     55 |   1 |   85.0 |
       Ossuary |    557 |    557 |      0 |      0 |    246 |   1 |  557.0 |
               +--------+--------+--------+--------+--------+-----+--------+

Top non-repeatable levels by time:
     D:7: 1467 daAuts
     D:5: 1447 daAuts
     D:1: 1344 daAuts
     D:8: 1172 daAuts
     D:9: 1069 daAuts
     D:6: 1041 daAuts
     D:2: 948 daAuts
    D:10: 926 daAuts
     D:3: 767 daAuts
     D:4: 719 daAuts
 Ossuary: 557 daAuts
   Sewer: 85 daAuts
